 Dungeon Crawl Stone Soup version 0.31-a0-210-gccc998df9b (webtiles) character file.

Game seed: 5953935253593402977

51 qw the Shooter (level 3, -2/29 HPs)
             Began as a Minotaur Hexslinger on June 29, 2023.
             Slain by an orc
             ... wielding a +0 short sword
              (3 damage)
             ... on level 3 of the Dungeon.
             The game lasted 00:00:28 (1086 turns).

qw the Shooter (Minotaur Hexslinger)                Turns: 1086, Time: 00:00:28

Health: -2/29      AC:  2    Str: 12    XL:     3   Next: 57%
Magic:  3/3        EV: 12    Int: 10    God:
Gold:   152        SH:  0    Dex: 14    Spells: 3/4 levels left

rFire   . . .        j - +0 orcbow
rCold   . . .        (shield currently unavailable)
rNeg    . . .        c - +0 robe
rPois   .            (helmet restricted)
rElec   .            (no cloak)
rCorr   .            (no gloves)
SInv    .            (no boots)
Will    .....        (no amulet)
Stlth   +            (no ring)
HPRegen 0.24/turn    (no ring)
MPRegen 0.08/turn

%: no passive effects
@: no status effects
A: horns 2, retaliatory headbutt
a: no special abilities


You were on level 3 of the Dungeon.
You visited 1 branch of the dungeon, and saw 3 of its levels.

You collected 152 gold pieces.


Innate Abilities, Weirdness & Mutations

You have a pair of horns on your head.
You reflexively headbutt those who attack you in melee.


   Skills:
 - Level 2.0 Fighting
 + Level 4.1 Ranged Weapons
 - Level 2.1 Dodging
 - Level 1.0 Spellcasting
 - Level 2.0 Hexes


You had 3 spell levels left.
You knew the following spells:

 Your Spells              Type           Power      Damage    Failure   Level
a - Slow                  Hex            16%        N/A       16%         1

Your spell library contained the following spells:

 Spells                   Type           Power      Damage    Failure   Level
 Inner Flame              Hex/Fire       2%         N/A       56%         3
 Portal Projectile        Hex/Tloc       4%         N/A       56%         3
 Cause Fear               Hex            2%         N/A       83%         4

Inventory:

Hand Weapons
 j - a +0 orcbow (weapon)
Armour
 c - a +0 robe (worn)
 h - a +0 leather armour
Jewellery
 a - a ring of protection from fire
 f - a ring of wizardry
Potions
 b - a potion of haste {unknown}
 d - a potion of heal wounds {unknown}
 e - a potion of curing
 g - a potion of ambrosia {unknown}
 i - a potion of mutation {unknown}
 k - a potion of invisibility {unknown}

Dungeon Overview and Level Annotations

Branches:
Dungeon (2/15)

Altars:


Message History

Enter note:
Enter note: You shoot an arrow.
The arrow hits the orc!
You kill the orc! 2 orcs come into view.
The orc shouts! x2; You hear a shout!
The orc throws a boomerang.
The boomerang barely misses you.
An orc priest comes into view. It is wielding a +0 mace.
Enter note:
Enter note: You shoot an arrow.
The arrow hits the orc!
The orc is almost dead.
The orc priest calls upon Beogh to heal the orc.
The orc is healed somewhat.
An orc comes into view. It is wielding a +0 dagger.
You shoot an arrow. The arrow barely misses the orc.
The orc shouts!
You shoot an arrow. The arrow completely misses the orc.
The arrow barely misses the orc.
The arrow barely misses the orc priest.
The arrow hits the orc.
The orc is severely wounded.
You shoot an arrow. The arrow closely misses the orc.
The arrow barely misses the orc priest.
The arrow hits the orc!
You kill the orc!
The orc priest calls down the wrath of Beogh upon you.
Beogh smites you!
You shoot an arrow. The arrow hits the orc.
The orc is severely wounded.
The orc barely misses you. The orc completely misses you.
You furiously retaliate!
You headbutt the orc. You shoot an arrow. The arrow closely misses the orc.
The orc hits you with a +0 short sword.
The orc priest invokes the aid of Beogh against you.
Beogh smites you! The orc closely misses you. You furiously retaliate!
You headbutt the orc!
You kill the orc!
You shoot an arrow. The arrow hits the orc.
The orc is almost dead.
The orc hits you with a +0 short sword.
You die...

###############.
#...............
#......)o......
####.@.o..)).
#....#######. ###
##....#....# # #.#
#.....#....# # #.#
#........... # #.#
####..#.....
###.#.#.######..#.(...
....#........#..# ..#.
....########.#..#####


You could see an orc priest and an orc.

Vanquished Creatures
  A worm (D:3)
  2 dart slugs
  3 orcs (D:3)
  4 endoplasms
  A giant cockroach (D:1)
  A goblin (D:3)
  4 hobgoblins
  2 quokkas
  4 ball pythons (D:1)
  5 bats
  A frilled lizard (D:2)
  7 kobolds (D:1)
  6 rats
41 creatures vanquished.

Notes
Turn   | Place    | Note
-------+----------+-------------------------------------------
     0 | D:1      | qw the Minotaur Hexslinger began the quest for the Orb.
     0 | D:1      | Reached XP level 1. HP: 16/16 MP: 1/1
     0 | D:1      | 0 ||| qw: Version: 0.3-a-24-ga2abf7b
     0 | D:1      | 0 ||| qw: Game counter: 6755
     0 | D:1      | 0 ||| qw: Melee chars always use a shield: true
     0 | D:1      | 0 ||| qw: God list: Okawaru
     0 | D:1      | 0 ||| qw: Allow faded altars: false
     0 | D:1      | 0 ||| qw: Do Orc after clearing Dungeon:15 true
     0 | D:1      | 0 ||| qw: Do second Lair branch before Depths: true
     0 | D:1      | 0 ||| qw: Lair rune preference: random
     0 | D:1      | 0 ||| qw: Goals: Normal
     0 | D:1      | 0 ||| PLANNING D:1-11
    57 | D:1      | Found a faded altar of an unknown god.
   119 | D:1      | Reached skill level 3 in Ranged Weapons
   120 | D:1      | Reached XP level 2. HP: 23/23 MP: 2/2
   626 | D:1      | Reached XP level 3. HP: 29/29 MP: 3/3
   723 | D:1      | 723 ||| READING 2 scrolls labelled KETWUR TINTOHE.
   724 | D:1      | 724 ||| READING scroll labelled LAIMPU TAEHAWN.
   725 | D:1      | 725 ||| READING scroll labelled UROYHO SA COATOTS.
   726 | D:1      | 726 ||| READING scroll labelled TEDGHO EJIUDGHUM.
   727 | D:1      | 727 ||| READING scroll labelled MYURAM FEXTARO.
   730 | D:1      | 730 ||| DRINKING 2 pink potions.
   731 | D:1      | 731 ||| DROPPING scroll of fear.
   732 | D:1      | 732 ||| DROPPING scroll of poison.
   910 | D:2      | You fall into a shaft and drop 1 floor!
   991 | D:3      | 991 ||| SWAPPING to +0 orcbow.
  1011 | D:3      | 1011 ||| DROPPING +1 sling.
  1061 | D:3      | Reached skill level 4 in Ranged Weapons
  1085 | D:3      | HP: 1/29 [orc priest/divine providence (12)]
  1086 | D:3      | Slain by an orc

Levels and vault maps discovered:
D:1:      dreamdust_arrival_beginning_and_end, layout_loops_ring,
          shapermc_ecumenical_altar_totnotflames, minmay_misc_feat_encased,
          minmay_cupped
D:2:      layout_loops_ring
D:3:      kennysheep_the_goblin_king, layout_basic,
          pdpol_wu_jian_five_deadly_venoms

Skill      XL: |  1  2  3 |
---------------+----------+-----
Ranged Weapons | 3 4 |  4.1
Fighting       | 2 |  2.0
Dodging        | |  2.1
Spellcasting   | |  1.0
Hexes          | |  2.0

Action                     || total
---------------------------++-------
   Fire: Sling             ||    89
         Orcbow            ||    16
    Use: Scroll            ||     5
         Potion            ||     1
 Armour: Robe              ||     7
  Dodge: Dodged            ||    23

Table legend:
 A = Non-vault XP
 B = Vault XP
 C = Vault XP percentage of total XP
 D = Non-vault monster count
 E = Vault monster count
 F = Vault count percentage of total count
                 A         B        C        D         E       F
            +---------+---------+-------+---------+---------+-------
      Total |      71 |       2 |   2.7 |      39 |       2 |   4.9
            +---------+---------+-------+---------+---------+-------
        D:1 |      41 |       2 |   4.7 |      26 |       2 |   7.1
        D:2 |       4 |       0 |   0.0 |       3 |       0 |   0.0
        D:3 |      26 |       0 |   0.0 |      10 |       0 |   0.0
            +---------+---------+-------+---------+---------+-------
